 Dungeon Crawl Stone Soup version 0.32-a0-40-g2adb59a (webtiles) character file.

Game seed: 4325976655253297235

16 Dorkslayer the Ruffian (level 2, -1/18 HPs)
             Began as an Octopode Shapeshifter on Jan 24, 2024.
             Slain by a goblin
             ... wielding a +2 dagger of pain
              (4 damage)
             ... on level 2 of the Dungeon.
             The game lasted 00:01:20 (768 turns).

Dorkslayer the Ruffian (Octopode Shapeshifter)       Turns: 768, Time: 00:01:20

Health: -1/18      AC:  1    Str: 13    XL:     2   Next: 58%
Magic:  2/2        EV:  8    Int: 12    God:
Gold:   54         SH: 10    Dex: 11    Spells: 1/1 levels left

rFire   . .          .
                       - Unarmed
rCold   . . .        l - +0 tower shield
rNeg    . . .        (helmet currently unavailable)
rPois   .            (no amulet)
rElec   .            (no ring)
rCorr   .            (no ring)
SInv    .            (no ring)
Will    .....        (no ring)
Stlth   ++           (no ring)
HPRegen 0.23/turn    (no ring)
MPRegen 0.08/turn    (no ring)
                     (no ring)

%: no passive effects
@: beast-form
A: beast (slay +1), almost no armour, amphibious, 8 rings, camouflage 1,
gelatinous body 1, (nimble swimmer 1), tentacles
a: Begin Untransformation


You were on level 2 of the Dungeon.
You were a hulking beast.
You visited 1 branch of the dungeon, and saw 2 of its levels.

You collected 54 gold pieces.

Inventory:

Armour
 l - a +0 tower shield (worn)
Talismans
 b - a beast talisman
 c - a flux talisman
 i - a serpent talisman
Scrolls
 d - a scroll of blinking {unknown}
 g - a scroll of fog {unknown}
 j - a scroll of poison {unknown}
 m - 3 scrolls of vulnerability {unknown}
Potions
 a - a potion of lignification
 e - 2 potions of degeneration {unknown}
 f - 2 potions of heal wounds {unknown}
 h - a potion of haste {unknown}
 k - a potion of attraction {unknown}


   Skills:
 + Level 1.0 Fighting
 + Level 2.0 Dodging
 * Level 3.4 Unarmed Combat
 + Level 3.3 Shapeshifting


You had one spell level left.
You didn't know any spells.
Your spell library contained the following spells:

 Spells                   Type           Power      Damage    Failure   Level
 Call Imp                 Summ           0%         N/A       100%        2
 Sublimation of Blood     Necr           0%         N/A       100%        2
 Summon Hydra             Summ           0%         N/A       100%        7


Dungeon Overview and Level Annotations

Branches:
Dungeon (1/15)

Altars:


Innate Abilities, Weirdness & Mutations

You are a hulking beast.
Your limbs bulge with bestial killing power. (Slay +1)
You cannot wear most types of armour.
You are amphibious.
You can wear up to eight rings at the same time.
Your skin changes colour to match your surroundings (Stealth+).
Your rubbery body absorbs attacks. (AC +1, EV +1)
((You are camouflaged when in or above water. (Stealth+)))
You have tentacles for arms and can constrict up to eight enemies at once.


Message History

A goblin comes into view. It is wielding a +2 dagger of pain.
The kobold hits you with a +0 dagger.
The ribbon worm expels a string of sticky webbing.
You block the stream of webbing.
A hobgoblin comes into view.
You completely miss the kobold.
The hobgoblin shouts!
Your grab misses the kobold.
Your tentacle-slap misses the kobold.
You block the kobold's attack. The kobold completely misses you.
You closely miss the kobold. You grab the kobold. You constrict the kobold.
You block the kobold's attack.
You release your grip on the kobold.
You tentacle-slap the kobold. Your grab misses the kobold.
You squeeze the kobold.
You kill the kobold!
You block the giant cockroach's attack. The giant cockroach bites you.
The hobgoblin hits you.
You tentacle-slap the giant cockroach but do no damage.
You grab the giant cockroach. You squeeze the giant cockroach.
The giant cockroach is moderately wounded.
You constrict the giant cockroach, but do no damage.
You block the giant cockroach's attack. The hobgoblin hits you.
The ribbon worm closely misses you. The giant cockroach bites you.
You tentacle-slap the giant cockroach.
The giant cockroach is almost dead.
You constrict the giant cockroach.
You kill the giant cockroach!
The hobgoblin hits you.
The ribbon worm expels a string of sticky webbing.
The stream of webbing misses you. You block the hobgoblin's attack.
The goblin hits you with a +2 dagger of pain.
You barely miss the hobgoblin. You grab the hobgoblin.
You constrict the hobgoblin. You block the goblin's attack.
The ribbon worm bites you.
* * * LOW HITPOINT WARNING * * *
You block the hobgoblin's attack.
You tentacle-slap the hobgoblin.
You kill the hobgoblin!
The goblin hits you with a +2 dagger of pain.
You die...

....... ###..
.......###.....
...............
#.....#.......
#.....#.......
.#.....#.......
.......†.......
.......wg#
.......)h#
........†# ...
.........#
####...
..####...##......
. #...........#
#...........#
.##...........#
..............#
#..........####


You could see a ribbon worm (catching breath) and a goblin.

Vanquished Creatures
  A dart slug (D:1)
  A ball python (D:1)
  A bat (D:1)
  An endoplasm (D:1)
  A giant cockroach (D:2)
  2 hobgoblins
  3 jackals
  2 kobolds
  A frilled lizard (D:1)
13 creatures vanquished.

Notes
Turn   | Place    | Note
-------+----------+-------------------------------------------
     0 | D:1      | Dorkslayer the Octopode Shapeshifter began the quest for
                  | the Orb.
     0 | D:1      | Reached XP level 1. HP: 13/13 MP: 1/1
   355 | D:1      | Found a faded altar of an unknown god.
   527 | D:1      | Reached XP level 2. HP: 18/18 MP: 2/2
   740 | D:1      | You fall into a shaft and drop 1 floor!
   768 | D:2      | Slain by a goblin

Illustrated notes

Levels and vault maps discovered:
D:1:      minmay_arrival_stair_chambers, layout_basic,
          chequers_ecumenical_altar_island
D:2:      layout_basic, chequers_serial_rivers_marsh

Action                     || total
---------------------------++-------
  Melee: Unarmed           ||    26
         Constrict         ||     7
         Tentacles         ||     4
   Stab: Sleeping          ||     3
 Armour: Skin              ||    15
  Dodge: Dodged            ||    13
  Block: Tower shield      ||    10

Table legend: (Time is in decaauts)
 A = Elapsed time spent in this place.
 B = Non-inter-level travel time spent in this place.
 C = Inter-level travel time spent in this place.
 D = Time resting spent in this place.
 E = Time spent auto-exploring this place.
 F = Levels seen in this place.
 G = Mean time per level.
                   A        B        C        D        E       F      G
               +--------+--------+--------+--------+--------+-----+--------+
         Total |    770 |    770 |      0 |      0 |    546 |   2 |  385.0 |
       Dungeon |    770 |    770 |      0 |      0 |    546 |   2 |  385.0 |
               +--------+--------+--------+--------+--------+-----+--------+

Top non-repeatable levels by time:
     D:1: 739 daAuts
     D:2: 31 daAuts
